 Dungeon Crawl Stone Soup version 0.32-a0-422-g28b100f618 (webtiles) character file.

Game seed: 9880187008496275086

2715 timneilson the Ruffian (level 9, 0/62 HPs)
             Began as an Octopode Shapeshifter on Feb 22, 2024.
             Was an Initiate of Gozag.
             Succumbed to a killer bee's poison
             ... on level 8 of the Dungeon.
             The game lasted 00:15:48 (7374 turns).

timneilson the Ruffian (Octopode Shapeshifter)      Turns: 7374, Time: 00:15:49

Health: 0/62       AC:  1    Str: 20    XL:     9   Next: 66%
Magic:  9/9        EV: 14    Int: 13    God:    Gozag
Gold:   807        SH:  4    Dex: 11    Spells: 8/8 levels left

rFire   + .          .
                       - Unarmed
rCold   . . .        y - +0 buckler
rNeg    . . .        (helmet currently unavailable)
rPois   .            (no amulet)
rElec   .            f - ring of willpower
rCorr   .            i - ring "Napta" {Fly Str+3 Slay+2}
SInv    .            r - ring of protection from fire
Will    +....        (no ring)
Stlth   ++++         (no ring)
HPRegen 0.30/turn    (no ring)
MPRegen 0.11/turn    (no ring)
                     (no ring)

%: no passive effects
@: lethally poisoned (0 -> -13), beast-form, gold aura, flying
A: beast (slay +3), almost no armour, amphibious, 8 rings, camouflage 1,
gelatinous body 1, (nimble swimmer 1), tentacles
a: Begin Untransformation, Renounce Religion, Potion Petition, Call Merchant,
Bribe Branch


You were on level 8 of the Dungeon.
You worshipped Gozag.
Gozag was pleased with you.
You were a hulking beast.
You visited 2 branches of the dungeon, and saw 9 of its levels.
You also visited: Sewer and Ossuary.

You collected 865 gold pieces.
You paid 58 gold pieces to Gozag.

Inventory:

Missiles
 l - a throwing net
 x - 7 poisoned darts (quivered)
Armour
 t - a +2 hat
 y - a +0 buckler (worn)
Jewellery
 f - a ring of willpower (left tentacle)
 i - the ring "Napta" (right tentacle) {Fly Str+3 Slay+2}
   (You acquired it on level 3 of the Dungeon)

   [ring of flight]

   Str+3:     It affects your strength (+3).
   Slay+2:    It affects your accuracy & damage with ranged weapons and melee
   (+2).
   Fly:       It grants you flight.
 r - a ring of protection from fire (on tentacle)
 D - a ring of fire
Talismans
 b - a beast talisman (active)
 c - a flux talisman
Wands
 j - a wand of mindburst (16)
 z - a wand of polymorph (6)
 A - a wand of digging (7)
 F - a wand of charming (1)
Scrolls
 g - 2 scrolls of fog
 p - 2 scrolls of teleportation
 u - a scroll of amnesia
 B - a scroll of revelation
 C - a scroll of brand weapon {unknown}
 E - a scroll of silence {unknown}
Potions
 a - 4 potions of lignification
 d - a potion of invisibility
 e - 3 potions of resistance
 h - 2 potions of attraction
 m - a potion of enlightenment {unknown}
 n - 4 potions of haste
 o - a potion of heal wounds {unknown}
 q - a potion of might {unknown}
 s - 2 potions of magic
 v - a potion of cancellation {unknown}
 w - a potion of brilliance {unknown}


   Skills:
 * Level 5.8 Fighting
 * Level 6.1 Dodging
 + Level 5.7 Stealth
 + Level 1.9 Shields
 * Level 6.5 Unarmed Combat
 + Level 2.8 Evocations
 * Level 6.0 Shapeshifting


You had 8 spell levels left.
You didn't know any spells.
Your spell library contained the following spells:

 Spells                   Type           Power      Damage    Failure   Level
 Apportation              Tloc           0%         N/A       36%         1
 Necrotise                Necr           0%         1d4       36%         1
 Sting                    Conj/Alch      0%         1d3       36%         1
 Summon Small Mammal      Summ           0%         N/A       36%         1


Dungeon Overview and Level Annotations

Branches:
Dungeon (8/15)             Temple (1/1) D:5           Sewer (visited)
Ossuary (visited)
   Lair: D:8-11

Altars:
Cheibriados
Dithmenos
Elyvilon
Gozag
Hepliaklqana
Kikubaaqudgha
Makhleb
Nemelex Xobeh
Okawaru
Qazlal
Ru
Sif Muna
Trog
Uskayaw
Vehumet
Wu Jian
Xom
Yredelemnul
Zin

Shops:
D:5 **


Innate Abilities, Weirdness & Mutations

You are a hulking beast.
Your limbs bulge with bestial killing power. (Slay +3)
You cannot wear most types of armour.
You are amphibious.
You can wear up to eight rings at the same time.
Your skin changes colour to match your surroundings (Stealth+).
Your rubbery body absorbs attacks. (AC +1, EV +1)
((You are camouflaged when in or above water. (Stealth+)))
You have tentacles for arms and can constrict up to eight enemies at once.


Message History

The killer bee attacks as it pursues you!
The killer bee barely misses you. x2
You feel sick. The killer bee misses you. You block the killer bee's attack.
The killer bee closely misses you.
You barely miss the killer bee. Your grab misses the killer bee.
You feel sick. The killer bee barely misses you. The killer bee stings you.
You are more poisoned.
The killer bee poisons you! The killer bee stings you.
You bludgeon the killer bee! Your grab misses the killer bee.
The killer bee is heavily wounded.
You feel very sick. The killer bee misses you.
The killer bee closely misses you. x2
You bludgeon the killer bee!
You kill the killer bee!
You feel sick. The killer bee misses you. The killer bee stings you.
The killer bee closely misses you.
You closely miss the killer bee. You grab the killer bee.
You constrict the killer bee.
You feel sick. The killer bee stings you. The killer bee closely misses you.
The killer bee stings you. The killer bee stings you!
* * * LOW HITPOINT WARNING * * *
It was a potion of curing.
You feel better.
You constrict the killer bee. The killer bee misses you.
The killer bee stings you!
* * * LOW HITPOINT WARNING * * *
The killer bee barely misses you. The killer bee stings you.
* * * LOW HITPOINT WARNING * * *
You feel better.
You constrict the killer bee. The killer bee stings you.
* * * LOW HITPOINT WARNING * * *
You are poisoned.
The killer bee poisons you! The killer bee stings you!
* * * LOW HITPOINT WARNING * * *
The killer bee stings you!
* * * LOW HITPOINT WARNING * * *
You are more poisoned.
The killer bee poisons you! The killer bee barely misses you.
You closely miss the killer bee.
The killer bee is heavily wounded.
You constrict the killer bee.
You die...
Your body crumbles into a pile of gold.

..........# #..# .
............y.# #..##.
..... #####...# #.....
.....# ##y.# #.....
...... #..# #....
......# ##..#####..#
#...... #.........##
#.....####..........##
#....hyy........#>..##
#....#yy......####...#
#....#####..### ##...
....... #..## ##..
...#... ##..# ##. .#
##.. ##..# ##
#..#####...## #
#...........#
#...........## #


You could see 4 killer bees.

Vanquished Creatures
  A water moccasin (D:6)
  3 ice beasts
  A black bear (D:4)
  3 ogres (D:6)
  A centaur (D:7)
  A phantom (D:6)
  A weeping skull (Ossuary)
  A kobold brigand (D:8)
  3 water moccasin zombies (Ossuary)
  2 scorpions
  A killer bee (D:8)
  A bombardier beetle (D:4)
  7 orc priests
  A sleepcap (D:5)
  3 hounds
  5 jellies
  2 iguanas
  6 orc wizards
  A crocodile zombie (Ossuary)
  A bullfrog simulacrum (Ossuary)
  2 mummies (Ossuary)
  10 gnolls (D:6)
  2 river rats (Sewer)
  12 adders
  A shadow imp (D:6)
  A white imp (D:6)
  6 adder zombies (Ossuary)
  2 dart slugs
  3 ribbon worms
  27 orcs
  9 ball pythons
  16 endoplasms
  5 giant cockroaches
  7 hobgoblins
  4 jackals (D:1)
  21 kobolds
  3 quokkas
  13 bats
  5 frilled lizards
  7 gnoll zombies (Ossuary)
  6 goblins
  A jackal zombie (Ossuary)
  6 orc zombies (Ossuary)
  12 rats
226 creatures vanquished.

Notes
Turn   | Place    | Note
-------+----------+-------------------------------------------
     0 | D:1      | timneilson the Octopode Shapeshifter began the quest for
                  | the Orb.
     0 | D:1      | Reached XP level 1. HP: 13/13 MP: 1/1
    46 | D:1      | Reached XP level 2. HP: 15/18 MP: 2/2
   143 | D:1      | Reached skill level 1 in Stealth
   232 | D:1      | Reached XP level 3. HP: 23/23 MP: 3/3
   404 | D:1      | Reached XP level 4. HP: 29/29 MP: 4/4
  1215 | D:2      | Reached XP level 5. HP: 33/34 MP: 5/5
  2546 | D:3      | Identified a scroll of acquirement
  2546 | D:3      | Acquired the ring "Napta" {Fly Str+3 Slay+2}
  2839 | D:4      | Found a bloodstained altar of Trog.
  2845 | D:4      | Reached XP level 6. HP: 36/41 MP: 6/6
  2859 | D:4      | Found an ornate altar of the Wu Jian Council.
  3068 | D:4      | Found a sand-covered staircase.
  3082 | Ossuary  | Entered an ossuary
  3180 | Ossuary  | Reached XP level 7. HP: 37/46 MP: 7/7
  3754 | D:4      | Reached skill level 5 in Unarmed Combat
  3850 | D:4      | Reached XP level 8. HP: 53/54 MP: 8/8
  4031 | D:5      | Entered Level 5 of the Dungeon
  4077 | D:5      | Found a hazy altar of Hepliaklqana.
  4174 | D:5      | Found Poomih's General Store.
  4176 | D:5      | Found Siugaurr's Specific Store.
  4242 | D:5      | Found a staircase to the Ecumenical Temple.
  4253 | Temple   | Entered the Ecumenical Temple
  4259 | Temple   | Became a worshipper of Gozag Ym Sagoz the Greedy
  4357 | D:5      | Found a glowing drain.
  4377 | Sewer    | Entered a sewer
  4850 | Sewer    | Reached skill level 5 in Shapeshifting
  4865 | Sewer    | Found a viscous altar of Jiyva.
  5066 | D:5      | Reached skill level 5 in Dodging
  5066 | D:5      | Reached skill level 1 in Evocations
  5584 | D:6      | Reached skill level 5 in Fighting
  5665 | D:5      | Reached XP level 9. HP: 32/61 MP: 9/9
  5769 | D:6      | Reached skill level 5 in Stealth
  5952 | D:6      | Reached skill level 1 in Shields
  7373 | D:8      | HP: 3/62 [killer bee (8)]
  7374 | D:8      | Succumbed to a killer bee's poison

Illustrated notes

Levels and vault maps discovered:
D:1:      grunt_arrival_lava_bath, layout_basic, minmay_misc_feat_rows,
          chequers_serial_rivers_marsh
D:2:      minmay_chambers_of_ones, layout_loops_cross, serial_bayou,
          serial_bayou_shore_b, serial_bayou_shore_b, serial_bayou_shore_a,
          serial_bayou_pond_c, grunt_ministairs_10
D:3:      layout_loops_ring
D:4:      layout_rooms, mainiacjoe_overflow_catch_the_wave,
          nicolae_ossuary_entry_ruins, nicolae_nh_ransacked_shop
D:5:      layout_basic, nzn_hepliaklqana_mist_gate, minmay_temple_entry_grid,
          cheibrodos_sewer_entry_bend, nicolae_specific_store, solitary_fountain
D:6:      layout_loops_ring
D:7:      layout_cave_pools
D:8:      layout_layer_cave, fedhas_altar_3, serial_shops,
          nicolae_shop_tiny_real_fake_doors, minmay_fractal_squares_gapless_5
Temple:   eino_temple_rhombus

Skill      XL: |  1  2  3  4  5  6  7  8  9 |
---------------+----------------------------+-----
Stealth        | 1 2 3 4 5 |  5.7
Fighting       | 2 3 4 5 |  5.8
Dodging        | 3 4 5 6 |  6.1
Unarmed Combat | 4 5 6 |  6.5
Shapeshifting  | 4 5 6 |  6.0
Evocations     | 1 2 |  2.8
Shields        | 1 |  1.9

Action                     |  1- 3 |  4- 6 |  7- 9 || total
---------------------------+-------+-------+-------++-------
  Melee: Unarmed           |    52 |   137 |   263 ||   452
         Constrict         |    12 |    39 |    68 ||   119
         Tentacles         |     5 |    19 |    60 ||    84
         Punch             |     1 |     5 |    14 ||    20
  Throw: Dart              |       |       |     8 ||     8
         Throwing net      |       |       |     1 ||     1
    Use: Scroll            |       |     6 |    11 ||    17
         Potion            |       |       |     3 ||     3
   Stab: Sleeping          |     5 |    16 |    14 ||    35
         Distracted        |     1 |       |       ||     1
 Armour: Skin              |    23 |    45 |    98 ||   166
  Dodge: Dodged            |    33 |    71 |   141 ||   245
  Block: Buckler           |       |       |    15 ||    15

Table legend: (Time is in decaauts)
 A = Elapsed time spent in this place.
 B = Non-inter-level travel time spent in this place.
 C = Inter-level travel time spent in this place.
 D = Time resting spent in this place.
 E = Time spent auto-exploring this place.
 F = Levels seen in this place.
 G = Mean time per level.
                   A        B        C        D        E       F      G
               +--------+--------+--------+--------+--------+-----+--------+
         Total |   7336 |   7047 |    289 |    808 |   4258 |  11 |  666.9 |
       Dungeon |   6206 |   5922 |    284 |    353 |   3905 |   8 |  775.8 |
        Temple |     12 |      7 |      5 |      0 |      0 |   1 |   12.0 |
         Sewer |    659 |    659 |      0 |    222 |    263 |   1 |  659.0 |
       Ossuary |    458 |    458 |      0 |    233 |     90 |   1 |  458.0 |
               +--------+--------+--------+--------+--------+-----+--------+

Top non-repeatable levels by time:
     D:6: 1193 daAuts
     D:3: 1041 daAuts
     D:2: 993 daAuts
     D:1: 771 daAuts
     D:5: 753 daAuts
     D:4: 747 daAuts
   Sewer: 659 daAuts
     D:7: 607 daAuts
 Ossuary: 458 daAuts
     D:8: 98 daAuts
  Temple: 12 daAuts
